 Dungeon Crawl Stone Soup version 0.17.1-3-g152610e (webtiles) character file.

86 Gargoyl the Skirmisher (level 4, 0/37 HPs)
             Began as a Demonspawn Abyssal Knight on Feb 29, 2016.
             Was a Believer of Lugonu.
             Killed by divine providence
             ... invoked by an orc priest
              (16 damage)
             ... on level 3 of the Dungeon.
             The game lasted 00:07:27 (2348 turns).

Gargoyl the Skirmisher (Demonspawn Abyssal Knight)  Turns: 2348, Time: 00:07:28

Health: 0/37       AC: 10    Str: 12 (14) XL:     4   Next: 27%
Magic:  6/6        EV:  6    Int: 15      God:    Lugonu [**....]
Gold:   144        SH:  3    Dex: 12      Spells: 0 memorised, 3 levels left

rFire  . . .     SeeInvis .     a - +1 hand axe
rCold  . . .     Rnd*Rage +     p - +0 chain mail
rNeg   . . .     SustAt   .     l - +0 buckler
rPois  .         Gourm    .     (no helmet)
rElec  .         Spirit   .     (no cloak)
rCorr  .         Warding  .     (no gloves)
rMut   .         Stasis   .     o - +0 pair of boots (curse)
MR     .....                    (no amulet)
Stlth  ..........               d - ring of flight
                                e - +1 ring of evasion

@: not resistant to hostile enchantments, extremely unstealthy
A: talons 1, icy blue scales 1, berserk 1, clever 1, mutation resistance 1,
powered by death 1, MP-powered wands
a: Depart the Abyss, Bend Space, Renounce Religion, Evoke Flight


You were on level 3 of the Dungeon.
You worshipped Lugonu.
Lugonu was pleased with you.
You were not hungry.

You visited 1 branch of the dungeon, and saw 3 of its levels.
You visited the Abyss 1 time.

You collected 144 gold pieces.

Inventory:

Hand Weapons
 a - a +1 hand axe (weapon)
Armour
 b - a +0 leather armour
 l - a +0 buckler (worn)
 o - a cursed +0 pair of boots (worn)
 p - a +0 chain mail (worn)
Jewellery
 d - a ring of flight (right hand)
 e - a +1 ring of evasion (left hand)
 f - an uncursed ring of stealth
Scrolls
 g - 4 scrolls of identify {unknown}
 h - 2 scrolls of teleportation {unknown}
 j - a scroll of enchant armour {unknown}
 n - a scroll of amnesia {unknown}
 r - 2 scrolls of remove curse {unknown}
Potions
 s - 2 potions of curing {unknown}
Comestibles
 c - 2 bread rations
 i - 3 fruits
 k - a royal jelly
 m - a meat ration
 q - a chunk of flesh


   Skills:
 + Level 3.7 Fighting
 + Level 2.3 Axes
 + Level 2.2 Armour
 + Level 1.6 Dodging
 + Level 0.4 Stealth
 + Level 0.1 Shields
 + Level 3.1 Invocations


You had 3 spell levels left.
You didn't know any spells.

Dungeon Overview and Level Annotations

Branches:
Dungeon (3/15)

Altars:
Ashenzari
Cheibriados
Qazlal
Vehumet
Yredelemnul
Zin


Innate Abilities, Weirdness & Mutations

You have sharp toenails.
You are partially covered in icy blue scales (AC +1).
You regenerate a little health from kills.
You tend to lose your temper in combat.
Your mind is acute. (Int +2)
You are somewhat resistant to further mutation.
You expend magic power (3 MP) to strengthen your wands.


Message History

Found 16 gold pieces.
Found a scroll labeled BOTHRY PEILETZA.
You hit the rat.
You kill the rat!
Lugonu accepts your kill.
An orc and an orc priest come into view.
The orc priest shouts!
The orc shouts!
An orc and an orc priest come into view.
An orc priest comes into view. It is wielding a mace.
The orc shouts!
The orc priest shouts!
The orc priest shouts!
The orc priest looks braver for a moment.
The orc priest invokes the aid of Beogh against you.
Something smites you!
A kobold comes into view. It is wielding a dagger.
The kobold shouts!
The orc priest calls down the wrath of Beogh upon you.
Something smites you!
The orc priest calls down the wrath of Beogh upon you.
Something smites you!
You die...

#........# ##. ##
###.#....## #.. ...#
#.####..#####.#
#...###.#####....)..#
#.......# #####.#.#
####.##...........#
######..##..#....##...
.##......>....#.###
.... .......@####....
..... #......?# .##
..... ##......# #.....
#...o..# .....
#....oo# .....
#.....oo #....
K........ #...
...[....# #### .. ###


You could see 3 orc priests, 2 orcs and a kobold.

Vanquished Creatures
  3 adders
  A worm (D:2)
  2 giant geckos (D:1)
  5 giant cockroaches
  3 goblins
  5 hobgoblins
  4 jackals
  A quokka (D:2)
  6 bats
  5 giant newts
  11 kobolds
  8 rats
54 creatures vanquished.

Notes
Turn   | Place    | Note
--------------------------------------------------------------
     0 | Abyss:1  | Gargoyl the Demonspawn Abyssal Knight began the quest for the Orb.
     0 | Abyss:1  | Reached XP level 1. HP: 18/18 MP: 2/2
    78 | Abyss:1  | Noticed a small abomination
    97 | Abyss:1  | Noticed a small abomination
   120 | Abyss:1  | Noticed a large abomination
   122 | Abyss:1  | Noticed a small abomination
   144 | Abyss:1  | Noticed a large abomination
   162 | Abyss:1  | Found a shattered altar of Ashenzari.
   173 | Abyss:1  | Noticed a fire dragon simulacrum
   178 | D:1      | Escaped the Abyss
   217 | D:1      | Reached * piety under Lugonu
   295 | D:1      | Reached skill level 1 in Dodging
   295 | D:1      | Gained mutation: You are partially covered in icy blue scales (AC +1). [demonic ancestry]
   295 | D:1      | Reached XP level 2. HP: 13/24 MP: 4/4
  1099 | D:2      | Gained mutation: You regenerate a little health from kills. [demonic ancestry]
  1099 | D:2      | Reached XP level 3. HP: 21/29 MP: 5/5
  1216 | D:2      | Reached ** piety under Lugonu
  1279 | D:2      | Found a glowing silver altar of Zin.
  1283 | D:2      | Found a stormy altar of Qazlal.
  1319 | D:2      | Found a radiant altar of Vehumet.
  1319 | D:2      | Found a shattered altar of Ashenzari.
  1393 | D:2      | Gained mutation: Your mind is acute. (Int +2) [potion of mutation]
  1393 | D:2      | Gained mutation: You tend to lose your temper in combat. [potion of mutation]
  1397 | D:2      | Gained mutation: You expend magic power (3 MP) to strengthen your wands. [potion of mutation]
  1397 | D:2      | Gained mutation: You have large cloven feet. [potion of mutation]
  1397 | D:2      | Gained mutation: You are somewhat resistant to further mutation. [potion of mutation]
  2014 | D:2      | Lost mutation: You have large cloven feet. [demonic ancestry]
  2014 | D:2      | Gained mutation: You have sharp toenails. [demonic ancestry]
  2014 | D:2      | Reached XP level 4. HP: 27/36 MP: 6/6
  2063 | D:2      | Found a snail-covered altar of Cheibriados.
  2065 | D:2      | Found a basalt altar of Yredelemnul.
  2348 | D:3      | Killed from afar by an orc priest

Action                   |  1- 3 |  4- 6 || total
-------------------------+-------+-------++-------
Melee: Hand axe          |   146 |    39 ||   185
Invok: Depart the Abyss  |     1 |       ||     1
  Use: Potion            |     5 |       ||     5
 Stab: Sleeping          |     1 |       ||     1
  Eat: Chunk             |     5 |     1 ||     6
